[Event "*** SCC Grand Prix: Titled Tuesday Blitz"]
[Site "Chess.com"]
[Date "2020.10.06"]
[Round "7"]
[White "shineatchess"]
[Black "Me_ch_an"]
[Result "0-1"]
[WhiteElo "2169"]
[BlackElo "2307"]
[TimeControl "180+1"]
[EndTime "11:20:30 PDT"]
[Termination "Me_ch_an won on time"]

1. e4 c5 2. d4 cxd4 3. c3 Nf6 4.
e5 Nd5 5. Nf3 Nc6 6. cxd4 d6 7.
Bc4 Nb6 8. Bb5 Bd7 9. O-O a6 10.
Bd3 e6 11. Re1 Be7 12. Nc3 dxe5 13. dxe5 Nb4 14. Be4 Bc6 15. Qe2 Rc8 16. Rd1 Qc7 17.
Bg5 N4d5 18. Rac1 h6 19. Bxe7 Qxe7 20. Bb1 O-O 21. Qd3 g6 22. Ne4 Bb5 23. Qd2 Kg7 24.
Rxc8 Rxc8 25. Nd6 Rc7 26. h4 Nc4 27. Qd4 Kh7 28. Ne4 Rd7 29. Kh2 Kg7 30. Qd3 Nde3 31. fxe3 Rxd3 32. Bxd3 Nxb2 33. Bxb5 Nxd1 34. Be2 Nxe3 35.
Nd6 Ng4+ 36. Kg3 Nxe5 37. Ne4 Nxf3 38. Bxf3 e5 39. Kh3 f5 40. Nc3 e4 41. Be2 f4 42.
h5 g5 43. Kh2 b5 44. Nd5 Qd7 45. Nc3 b4 46. Nxe4 Qe7 47. Bf3 a5 48. g4 a4 49.
Kg2 b3 50. axb3 axb3 51. Nc3 b2 52. Kf2 Qb4 53. Nb1 Qc5+ 54. Ke2 Qc1 55. Be4 Kf6 0-1

[Event "*** SCC Grand Prix: Titled Tuesday Blitz"]
[Site "Chess.com"]
[Date "2020.10.06"]
[Round "7"]
[White "XDPS"]
[Black "Ranindu2003"]
[Result "0-1"]
[WhiteElo "2788"]
[BlackElo "2617"]
[TimeControl "180+1"]
[EndTime "11:20:32 PDT"]
[Termination "Ranindu2003 won on time"]

1. d4 Nf6 2. Bf4 g6 3. e3 Bg7 4.
h3 O-O 5. Nf3 d6 6. Be2 c5 7.
O-O Nc6 8. c3 Re8 9. Bh2 Qb6 10.
Qb3 Be6 11. Qa3 Na5 12. Nbd2 Rec8 13. Rac1 cxd4 14. exd4 Nc4 15. Nxc4 Bxc4 16. Bxc4 Rxc4 17. Rfe1 Rc7 18. Qb3 Qxb3 19. axb3 b5 20. Ra1 a5 21. Nd2 Nd5 22. Kf1 a4 23. bxa4 bxa4 24. Ra2 a3 25. c4 Nb4 26. Rxa3 Rxa3 27. bxa3 Nc2 28. Rb1 Bxd4 29. a4 Bc3 30. Rc1 Ne3+ 31. fxe3 Bxd2 32.
Rc2 Bxe3 33. Ke2 Bc5 34. Kd3 Ra7 35. Ra2 Kf8 36. Bf4 Ke8 37. Bd2 Kd7 38. a5 Kc6 39. Bc3 e5 40. Re2 f5 41. Rb2 e4+ 42. Ke2 Rb7 43.
Ra2 Rb3 44. Bd2 Rg3 45. Kf1 Rb3 46. Ke2 Ba7 47. a6 Rb8 48. g4 Ra8 49. gxf5 gxf5 50. Ra5 Bc5 51. Ra1 Kb6 52. Rf1 Rf8 53. Ra1 f4 54. a7 Kb7 55. a8=Q+ Rxa8 56. Rxa8 f3+ 0-1

[Event "*** SCC Grand Prix: Titled Tuesday Blitz"]
[Site "Chess.com"]
[Date "2020.10.06"]
[Round "7"]
[White "ChronicUnhappiness"]
[Black "Nara_Kh"]
[Result "0-1"]
[WhiteElo "2262"]
[BlackElo "2383"]
[TimeControl "180+1"]
[EndTime "11:20:32 PDT"]
[Termination "Nara_Kh won on time"]

1. c4 e5 2. g3 c6 3. Nf3 e4 4.
Nd4 d5 5. Bg2 Nf6 6. Nc3 Qb6 7.
Nc2 Ng4 8. O-O Bc5 9. Ne3 Nxf2 10. Rxf2 d4 11. Na4 Qa5 12. Nf1 f5 13. Nxc5 Qxc5 14.
d3 e3 15. Rf3 O-O 16. a3 Nd7 17. b4 Qd6 18. Bb2 Ne5 19. Rf4 Ng4 20. Bxd4 g5 21.
Rxg4 fxg4 22. Bxe3 Qf6 23. d4 Bf5 24. Qd2 h6 25. Rd1 Rae8 26. d5 Be4 27. d6 Bxg2 28.
Kxg2 Qf5 29. d7 Qe4+ 30. Kg1 Rd8 31. Qd4 Qf5 32. Bf2 Rf7 33. Qe3 Rfxd7 34. Rxd7 Qxd7 35. Qe4 Qf7 36. Be3 Re8 37. Qd3 Qe6 38. Qd4 Rf8 39.
Qc3 Qf7 40. Qe1 Qxc4 41. Bf2 Qe4 42. e3 Rd8 43. Nd2 Qd3 44. Nf1 Qd1 45. Qc3 Rf8 46.
Qc4+ Rf7 47. Qe6 Qd5 48. Qe8+ Kg7 49. e4 Qd7 50. Bd4+ Qxd4+ 51. Kg2 Qb2+ 52. Kh1 Qf2 53. Qe5+ Kh7 54. Qa1 Qxf1+ 55. Qxf1 Rxf1+ 56. Kg2 Ra1 57. Kf2 Rxa3 0-1

[Event "*** SCC Grand Prix: Titled Tuesday Blitz"]
[Site "Chess.com"]
[Date "2020.10.06"]
[Round "7"]
[White "PhileKhoob"]
[Black "verdest"]
[Result "1-0"]
[WhiteElo "2480"]
[BlackElo "2635"]
[TimeControl "180+1"]
[EndTime "11:20:34 PDT"]
[Termination "PhileKhoob won by resignation"]

1. Nf3 Nf6 2. b3 d5 3. Bb2 c6 4.
g3 Bf5 5. Bg2 Nbd7 6. O-O e6 7. d3 Be7 8. Nbd2 O-O 9. Re1 h6 10. e4 Bh7 11. Qe2 a5 12. a3 b5 13.
e5 Ne8 14. h4 Nc7 15. Nh2 c5 16. a4 Rb8 17. axb5 Nxb5 18. Ng4 Nd4 19. Bxd4 cxd4 20.
Nf3 Qb6 21. h5 Kh8 22. Qd2 Qb4 23. Qf4 Rbc8 24. Re2 Rc3 25. Qxd4 Qxd4 26. Nxd4 Bb4 27. Nh2 Rfc8 28. Nf1 Nb6 29. Ne3 R3c7 30. Nd1 Nd7 31. f4 Nb8 32. Kf1 Nc6 33. Nxc6 Rxc6 34. Ra2 Rc5 35. g4 g5 36. fxg5 hxg5 37. Rf2 Kg8 38.
Ne3 Bc3 39. Re2 Bxe5 40. Nxd5 Bd6 41. Nf6+ Kg7 42. Nxh7 Kxh7 43. c4 Rb8 44. d4 Rc7 45. c5 Be7 46. Re3 Bf6 47. Rd3 Rb4 48. Rxa5 Bxd4 49.
c6 Bf6 50. Bf3 Rf4 51. Ke2 e5 52. Re3 Re7 53. Re4 Kg7 54. Rc5 Rxe4+ 55. Bxe4 Rc7 56. b4 Be7 57. Rc4 Bd6 58. b5 Rc8 59. b6 1-0

[Event "*** SCC Grand Prix: Titled Tuesday Blitz"]
[Site "Chess.com"]
[Date "2020.10.06"]
[Round "7"]
[White "AlexSuv"]
[Black "andrzej"]
[Result "1-0"]
[WhiteElo "2491"]
[BlackElo "2304"]
[TimeControl "180+1"]
[EndTime "11:20:34 PDT"]
[Termination "AlexSuv won by resignation"]

1. d4 Nf6 2. c4 g6 3. Nc3 Bg7 4. e4 d6 5. Nf3 O-O 6. Be2 e5 7. Be3 Re8 8. d5 Ng4 9. Bg5 Bf6 10. Bd2 Be7 11. h3 Nf6 12. Qc2 Nh5 13. g3 a5 14. O-O-O Na6 15. Nh2 Ng7 16. h4 f5 17. Nf3 Nb4 18. Qb1 fxe4 19. Nxe4 Bf5 20. a3 Na6 21. Bg5 Nc5 22. Bd3 a4 23. Nxc5 dxc5 24.
Rhe1 Bf6 25. Be4 Qd6 26. Rd2 Bxe4 27. Qxe4 Nf5 28. Kb1 Nd4 29. Bxf6 Qxf6 30. Ng5 h6 31. Ne6 Nxe6 32. dxe6 Qxe6 33. Red1 Qf5 34. Qxf5 gxf5 35.
Rd7 Rac8 36. R1d5 b6 37. Kc2 e4 38. Kd2 Rf8 39. Ke3 Rf7 40. Kf4 Rcf8 41. Rxf7 Rxf7 42. Rxf5 Rd7 43. Rd5 Rf7+ 44. Kxe4 Rxf2 45. Rd8+ Kf7 46. Rd7+ Ke6 47. Rxc7 Rxb2 48. Rc6+ Kd7 49.
Rxh6 Rb3 50. g4 Rxa3 51. Rxb6 Rh3 52. h5 a3 53. Ra6 Ke7 54. Kf5 Rc3 55. g5 Rxc4 56.
Rxa3 Rc1 57. h6 Rh1 58. Kg6 c4 59. h7 Rh2 60. Kg7 Kd6 61. h8=Q Rxh8 62. Kxh8 Kc5 63. g6 Kb4 64. Rg3 c3 65. Rxc3 Kxc3 66. g7 1-0

[Event "*** SCC Grand Prix: Titled Tuesday Blitz"]
[Site "Chess.com"]
[Date "2020.10.06"]
[Round "7"]
[White "profofchess"]
[Black "underthebridge1999"]
[Result "1-0"]
[WhiteElo "2381"]
[BlackElo "2257"]
[TimeControl "180+1"]
[EndTime "11:20:34 PDT"]
[Termination "profofchess won by resignation"]

1. e4 c5 2. Nf3 Nc6 3. Bb5 g6 4. O-O Bg7 5. Re1 e5 6. Bxc6 dxc6 7. d3 Ne7 8. a4 O-O 9. a5 h6 10. Be3 Qd6 11. Nbd2 Be6 12. Nc4 Bxc4 13. dxc4 Qxd1 14.
Rexd1 b6 15. Rd7 Bf6 16. Bxh6 Rfd8 17. Rxd8+ Rxd8 18. axb6 axb6 19. Kf1 Bh8 20. Ke2 f5 21. Nd2 Kf7 22. Ra7 Bf6 23. exf5 gxf5 24. f4 e4 25. Bg5 Rh8 26. Bxf6 Kxf6 27. Nf1 Ng6 28.
g3 Rb8 29. h4 b5 30. Ra6 Ne7 31. cxb5 Rxb5 32. b3 Ke6 33. Ne3 Rb8 34. Ra1 Kd6 35.
Rh1 Rg8 36. h5 Rxg3 37. h6 Rg8 38. h7 Rh8 39. Rh6+ Kd7 40. Nc4 Nd5 41. Ne5+ Kc7 42.
Ng6 Rd8 43. h8=Q Rxh8 44. Rxh8 Kb6 45. Rf8 Kb5 46. Rxf5 c4 47. Rxd5+ cxd5 48. f5 c3 49. f6 d4 50. f7 Kb4 51. f8=Q+ Kb5 52. Qd6 d3+ 53.
cxd3 c2 54. Kd2 e3+ 55. Kxc2 e2 56. Qe5+ Ka6 57. Qxe2 Kb5 58. Qe5+ Kb4 59. Qd4+ Kb5 60. Qc4+ Kb6 61. Qd5 Kc7 62. Qe6 Kb7 63. Qd6 Ka7 64. Qc6 Kb8 65. Qd7 Ka8 66. Nf4 Kb8 67. Ne6 Ka8 1-0

[Event "*** SCC Grand Prix: Titled Tuesday Blitz"]
[Site "Chess.com"]
[Date "2020.10.06"]
[Round "7"]
[White "Reader777"]
[Black "sergoy"]
[Result "1/2-1/2"]
[WhiteElo "2659"]
[BlackElo "2857"]
[TimeControl "180+1"]
[EndTime "11:20:36 PDT"]
[Termination "Game drawn by repetition"]

1. d4 Nf6 2. c4 e6 3. g3 c5 4.
Nf3 cxd4 5. Nxd4 d5 6. Bg2 e5 7. Nf3 d4 8. O-O Nc6 9. e3 Be7 10. exd4 exd4 11. b4 Bxb4 12. Nxd4 O-O 13. Nxc6 Qxd1 14.
Rxd1 bxc6 15. Bxc6 Bg4 16. Bxa8 Bxd1 17. Bg2 Re8 18.
Bd2 Bc5 19. Nc3 Bg4 20. Re1 Rd8 21. Nd5 Be6 22. Bg5 Bxd5 23. Bxd5 h6 24. Bxf6 gxf6 25. Rb1 Bb6 26. Re1 Kf8 27. Kg2 Rb8 28. Rb1 Re8 29. Kf3 Re5 30. Rb2 h5 31. h4 Rf5+ 32.
Kg2 Re5 33. Rd2 Ba5 34. Rc2 Bb6 35. Bf3 Ra5 36. Bd5 Kg7 37. Re2 Bc5 38. Bf3 Bb6 39.
Bd5 Bc5 40. Rb2 Bb6 41. Rb5 Rxb5 42. cxb5 f5 43. Bf3 Kg6 44. Kf1 Bc5 45. Ke2 Bb6 46.
a4 Ba5 47. Kd3 Be1 48. Ke3 Ba5 49. Bd5 Bb6+ 50. Ke2 Kf6 51. Bc6 Kg6 52. f4 Ba5 53. Bf3 Bb4 54. Bd5 Ba5 55. Bc6 Bb4 56. Bd7 Kf6 57.
Bc6 Kg6 58. Kd1 Ba5 59. Bf3 Bb4 60. Ke2 Ba5 61. Bd5 Kf6 62. Kf3 Kg6 63. Bc4 Bb4 64.
Bd3 Kf6 65. Bc2 Kg6 66. Ke3 Be1 67. Kf3 Kf6 68. Bd1 Kg6 69. Kg2 Kh6 70. Bf3 Kg6 71. Bd5 Kf6 72. Bf3 Kg6 73. Be2 Kh6 74. Bc4 Kg6 75. Be2 Kh6 76. Bf3 Kg6 1/2-1/2

[Event "*** SCC Grand Prix: Titled Tuesday Blitz"]
[Site "Chess.com"]
[Date "2020.10.06"]
[Round "7"]
[White "Oleksandr_Bortnyk"]
[Black "Zhigalko_Sergei"]
[Result "0-1"]
[WhiteElo "2901"]
[BlackElo "2938"]
[TimeControl "180+1"]
[EndTime "11:20:37 PDT"]
[Termination "Zhigalko_Sergei won by resignation"]

1. e4 c5 2. Be2 Nc6 3. f4 e6 4. d3 d5 5. Nf3 Bd6 6. c3 Nge7 7.
Be3 d4 8. Bd2 O-O 9. O-O b5 10. Na3 dxc3 11. bxc3 c4 12. Nc2 cxd3 13. Bxd3 Bc5+ 14. Be3 Bxe3+ 15. Nxe3 Qb6 16. Qe2 Qc5 17. Bxb5 Rb8 18. a4 a6 19. Bd3 Rb3 20. Rac1 Rxc3 21. Rxc3 Qxc3 22. e5 Rd8 23. Bb1 Nd4 24. Nxd4 Rxd4 25.
Kh1 Bb7 26. Qe1 Qd2 27. Qxd2 Rxd2 28. Rc1 Re2 29. Kg1 Rxe3 30. Kf2 Rb3 31. a5 g6 32. g3 Nd5 33. Be4 Rb2+ 34. Ke1 h5 35.
h4 Rb3 36. Kf2 Kg7 37. Rc5 Rb2+ 38. Ke1 Rb4 39. Bd3 Rb2 40. Be2 Ne3 41. Bd3 Ng2+ 42. Kd1 Ne3+ 43. Kc1 Rb4 44. Rc7 Nf5 45. Rd7 Nxg3 46.
Kd2 Nf5 47. Kc3 Rxf4 48. Rxb7 Rf3 49. Kd2 Nxh4 50. Bxa6 Ra3 51. Rb5 Nf3+ 52. Kc1 Nd4 53. Rb7 Rxa5 54. Bc4 Rc5 55. Rb4 Nc6 56. Rb5 Rxc4+ 57.
Kd2 Re4 58. Kd3 Rxe5 59. Rb6 Rd5+ 60. Ke4 Ne5 61. Rb7 Nc6 62. Rc7 Na5 63. Kf4 Kf6 64. Rc3 Nb7 65. Kg3 Rf5 66. Rf3 Rxf3+ 67. Kh4 g5+ 68.
Kxh5 Rf4 0-1

[Event "*** SCC Grand Prix: Titled Tuesday Blitz"]
[Site "Chess.com"]
[Date "2020.10.06"]
[Round "7"]
[White "LedakovAlexandr"]
[Black "Aygehovit1992"]
[Result "1-0"]
[WhiteElo "2460"]
[BlackElo "2608"]
[TimeControl "180+1"]
[EndTime "11:20:37 PDT"]
[Termination "LedakovAlexandr won by resignation"]

1. d4 Nf6 2. Nf3 e6 3. Bg5 Be7 4. Nbd2 d5 5. e3 c5 6. c3 Nc6 7.
Ne5 Nxe5 8. dxe5 Nd7 9. Bf4 g5 10. Bg3 h5 11. h3 h4 12. Bh2 b6 13. Qc2 Bb7 14. O-O-O Qc7 15. f4 a5 16. Nf3 gxf4 17.
Bxf4 a4 18. a3 Ra5 19. c4 b5 20. cxd5 Bxd5 21. Rxd5 exd5 22. e6 Bd6 23. exd7+ Kxd7 24. Qf5+ Kc6 25. Ne5+ Kb7 26. Qd3 d4 27. Qe4+ Kb6 28. exd4 cxd4+ 29. Kb1 Rd8 30. Nd3 Bxf4 31. Qxf4 Qxf4 32.
Nxf4 b4 33. Bd3 b3 34. Kc1 Rc5+ 35. Kd2 Rdc8 36. Rb1 Ka5 37. Ne2 Rg8 38. Rg1 Rcg5 39. Be4 d3 40. Kxd3 Rd8+ 41. Ke3 Re5 42. Kf4 Rc5 43.
Nc3 Rd2 44. Rb1 f5 45. Bf3 Rc2 46. Ke3 Rc8 47. Nd1 Rc1 48. Rxc1 Rxc1 49. Kf4 Rc5 50. Kg5 Kb5 51. Kxh4 Kc4 52. Kg5 Kd3 53. h4 Kd2 54. h5 f4+ 55. Kf6 Rc6+ 56. Bxc6 Kxd1 57. Bxa4 Kc2 58. Bxb3+ Kxb2 59. Kf5 Kxb3 60. Kxf4 Kxa3 61. Kg5 1-0

[Event "*** SCC Grand Prix: Titled Tuesday Blitz"]
[Site "Chess.com"]
[Date "2020.10.06"]
[Round "7"]
[White "lucachess49"]
[Black "rududuyk"]
[Result "0-1"]
[WhiteElo "2384"]
[BlackElo "2172"]
[TimeControl "180+1"]
[EndTime "11:20:37 PDT"]
[Termination "rududuyk won on time"]

1. d4 e6 2. c4 f5 3. Nc3 Nf6 4. e3 b6 5. f3 Bb7 6. Bd3 Bb4 7. Ne2 O-O 8. O-O Qe8 9. Qc2 Qh5 10. a3 Bd6 11. Nf4 Bxf4 12. exf4 Nc6 13. Be3 Ne7 14.
Nb5 Ne8 15. c5 Rf6 16. cxb6 axb6 17. h3 Nd5 18. Bc1 Rg6 19. Kh2 Qh4 20. g4 Rh6 21. Qg2 Ba6 22. Qg3 c6 23. Qxh4 Rxh4 24. Kg3 Rh6 25. g5 Rh5 26. a4 Nb4 27. Bc4 Nc2 28. Ra2 cxb5 29. axb5 Bb7 30. Rxa8 Bxa8 31. Bd2 Nxd4 32. Ra1 Bxf3 33. Be3 Ne2+ 34. Bxe2 Bxe2 35. Bxb6 Kf7 36. Ra5 Nd6 37. Be3 Bxb5 38. Bc5 Bf1 39. Bxd6 Rxh3+ 40. Kf2 Bc4 41. b4 Rh2+ 42. Ke3 Rb2 43.
Ra7 Bb5 44. Ra8 Bc6 45. Rf8+ Kg6 46. Kd4 h6 47. gxh6 gxh6 48. Kc5 h5 49. Rb8 h4 50. b5 Bd5 51. b6 h3 52. Bc7 h2 53. Rh8 h1=Q 54.
Rxh1 Bxh1 55. Kd6 Bc6 56. Ke7 Rb4 57. Kd8 d5 58. Ke7 d4 59. Kd6 d3 60. Kxc6 d2 61. b7 Rxb7 62. Kxb7 d1=Q 63. Be5 Qd5+ 64. Kb6 Qxe5 65.
fxe5 f4 66. Kc5 Kf5 67. Kd6 f3 0-1

[Event "*** SCC Grand Prix: Titled Tuesday Blitz"]
[Site "Chess.com"]
[Date "2020.10.06"]
[Round "7"]
[White "Fandorine"]
[Black "Alexander_Kachko"]
[Result "1/2-1/2"]
[WhiteElo "2871"]
[BlackElo "2748"]
[TimeControl "180+1"]
[EndTime "11:20:38 PDT"]
[Termination "Game drawn by repetition"]

1. e4 Nc6 2. Nf3 d6 3. Bb5 Bd7 4. d4 a6 5. Ba4 g6 6. O-O Bg7 7. h3 e5 8. d5 Nce7 9. c4 h6 10.
Nc3 f5 11. Qb3 b6 12. Bxd7+ Qxd7 13. a4 a5 14. Qb5 Nf6 15. Nd2 Qxb5 16. axb5 Kd7 17. Re1 fxe4 18. Ndxe4 Nf5 19. Nxf6+ Bxf6 20. Ne4 Bg7 21. Be3 Rhf8 22. Kf1 Nd4 23. Bxd4 exd4 24. b3 d3 25. Ra2 Rf4 26. f3 g5 27. Nf2 d2 28. Rd1 Bc3 29. Ne4 Bb4 30. Ke2 Re8 31. Kd3 h5 32. Nxd2 g4 33. hxg4 hxg4 34. fxg4 Rxg4 35.
Nf3 Reg8 36. Rh1 Rxg2 37. Rh7+ Kc8 38. Rxg2 Rxg2 39. Rh8+ Kb7 40. Nd4 Rd2+ 41. Ke3 Bc3 42. Nc6 Bxh8 43. Kxd2 Bf6 44. Kd3 Kc8 45. Ke4 Kd7 46.
Kf5 Bc3 47. Kg6 Ke8 48. Nb8 Ke7 49. Nc6+ Kd7 50. Kf7 Bb2 51. Nb8+ Kc8 52. Nc6 Kd7 53.
Ne7 Bc3 54. Ng6 Bd4 55. Nf8+ Kc8 56. Ke8 Bg7 57. Ng6 Bf6 58. Kf7 Bg5 59. Ke8 Bf6 60. Nf4 Be5 61. Ne6 Bf6 62. Nf8 Bg5 63. Ng6 Bf6 1/2-1/2

[Event "*** SCC Grand Prix: Titled Tuesday Blitz"]
[Site "Chess.com"]
[Date "2020.10.06"]
[Round "7"]
[White "m_ezat"]
[Black "Smile2005"]
[Result "1-0"]
[WhiteElo "2553"]
[BlackElo "2410"]
[TimeControl "180+1"]
[EndTime "11:20:41 PDT"]
[Termination "m_ezat won by checkmate"]

1. d4 Nf6 2. c4 g6 3. Nc3 Bg7 4. e4 O-O 5. Be2 d6 6. Bg5 h6 7. Be3 e5 8. d5 a5 9. Qd2 Kh7 10. h4 h5 11. f3 c6 12. Nh3 cxd5 13.
cxd5 Na6 14. Nf2 Nc5 15. g4 a4 16. Bg5 Qa5 17. Bxf6 Bxf6 18. gxh5 gxh5 19. Nh3 Bxh3 20. Rxh3 Rg8 21. Rh1 a3 22. b3 Rac8 23. Nb5 Qb6 24. Nxa3 Bg7 25. Nc4 Qd8 26. Qg5 Bh6 27.
Qxh5 Qf6 28. Qf5+ Qxf5 29. exf5 Rcd8 30. Kf2 b6 31. Rag1 b5 32. Rxg8 Kxg8 33. Ne3 Bxe3+ 34. Kxe3 b4 35. f6 Ra8 36. Rg1+ Kf8 37. h5 Nd7 38. h6 Nxf6 39. Rc1 Nxd5+ 40. Kf2 Nc3 41. Bd3 Rxa2+ 42. Kg3 Ra8 43. Kh3 d5 44. Rg1 e4 45.
fxe4 dxe4 46. h7 Ke7 47. Rg8 Ra1 48. Kh2 exd3 49. h8=Q d2 50. Qe5+ Kd7 51. Qd4+ Kc7 52. Qc5+ Kd7 53. Qc8+ Ke7 54. Re8+ Kf6 55. Qc6+ Kg7 56.
Qg2+ Kf6 57. Qf2+ Kg7 58. Qg3+ Kf6 59. Qe5+ Kg6 60. Rg8+ Kh7 61. Qg7# 1-0

[Event "*** SCC Grand Prix: Titled Tuesday Blitz"]
[Site "Chess.com"]
[Date "2020.10.06"]
[Round "7"]
[White "Semetey"]
[Black "NMZanette"]
[Result "1-0"]
[WhiteElo "2488"]
[BlackElo "2238"]
[TimeControl "180+1"]
[EndTime "11:20:43 PDT"]
[Termination "Semetey won on time"]

1. d4 f5 2. c4 Nf6 3. Nc3 e6 4. Nf3 b6 5. a3 Bb7 6. d5 Be7 7. Nd4 Qc8 8. e3 O-O 9. Be2 g6 10. dxe6 dxe6 11. Bf3 e5 12. Bxb7 Qxb7 13. Nf3 Rd8 14.
Qb3 c5 15. O-O Nc6 16. Nd5 Nxd5 17. cxd5 Na5 18. Qc3 Qxd5 19. Nxe5 Bf6 20. f4 Nc6 21. e4 Qxe4 22. Qb3+ c4 23. Nxc4 Nd4 24. Qa2 Kg7 25.
Bd2 Ne2+ 26. Kh1 Rac8 27. b3 b5 28. Rae1 bxc4 29. Ba5 Re8 30. Rf2 Ng3+ 31. hxg3 Qd4 32.
Rfe2 Rxe2 33. Rxe2 c3 34. Qc2 Rc5 35. Bb4 Rd5 36. Kh2 h5 37. Be7 h4 38. Bxf6+ Qxf6 39. Re3 Rd2 40. Qxc3 hxg3+ 41. Kxg3 Qxc3 42. Rxc3 Rd7 43. b4 a5 44. bxa5 Ra7 45. Rc5 Kf7 46. Kh4 Ke6 47.
Kg5 Kd6 48. Rb5 Kc6 49. Rb6+ Kd5 50. Rxg6 Rxa5 51. Kxf5 Rxa3 52. g4 Ra5 53. g5 Kd4+ 54.
Kg4 Ra1 55. Rd6+ Ke4 56. Re6+ Kd5 57. Re5+ Kd6 58. g6 Rg1+ 59. Kf5 Rg2 60. Kf6 Kd7 61.
f5 1-0

[Event "*** SCC Grand Prix: Titled Tuesday Blitz"]
[Site "Chess.com"]
[Date "2020.10.06"]
[Round "7"]
[White "PotapovaM"]
[Black "yourstrulyme"]
[Result "0-1"]
[WhiteElo "2548"]
[BlackElo "2438"]
[TimeControl "180+1"]
[EndTime "11:20:44 PDT"]
[Termination "yourstrulyme won by checkmate"]

1. d4 Nf6 2. c4 g6 3. Nc3 Bg7 4. e4 d6 5. h3 O-O 6. Be3 e5 7.
d5 Na6 8. Nf3 Nc5 9. Nd2 a5 10.
g4 Bd7 11. Be2 c6 12. Qc2 Qb6 13. Kf1 cxd5 14. exd5 Qd8 15. g5 Bf5 16. Qd1 Nh5 17. Bg4 Bd3+ 18. Kg1 f5 19. Be2 Nf4 20. h4 Nxe2+ 21.
Nxe2 f4 22. Bxc5 dxc5 23. Nc3 f3 24. Rh3 Qd7 25. Rg3 Rf4 26. Nxf3 e4 27. Qd2 Raf8 28. Ne1 Rxf2 29. Qxf2 Rxf2 30. Kxf2 Qf5+ 31. Kg2 Qf1+ 32. Kh2 Be5 33. Nxd3 Bxg3+ 34. Kxg3 Qxa1 35. Nxe4 Qxa2 36. d6 Qxc4 37. Ndf2 Qd4 38. Kf4 Kg7 39. Kf3 b5 40. Ng4 b4 41. Ngf6 c4 42. d7 c3 43. Ne8+ Kf8 44.
N8d6 Ke7 45. Nb5 Qd3+ 46. Kf4 Qxb5 47. Nf6 Qc4+ 48. Ke3 cxb2 49. Ng8+ Kxd7 50. Nf6+ Kd8 51. Ng4 b1=Q 52. Ne5 Qbd3+ 53. Nxd3 Qc3 54. Ke2 b3 55.
Nf4 a4 56. Ne6+ Ke7 57. Nf4 Qc2+ 58. Ke3 b2 59. Nd5+ Kd6 60. Nf4 Qc3+ 61. Ke4 b1=Q+ 62. Nd3 Qbxd3+ 63. Kf4 Qf3# 0-1

[Event "*** SCC Grand Prix: Titled Tuesday Blitz"]
[Site "Chess.com"]
[Date "2020.10.06"]
[Round "7"]
[White "severomorskij"]
[Black "Msb2"]
[Result "0-1"]
[WhiteElo "2783"]
[BlackElo "2926"]
[TimeControl "180+1"]
[EndTime "11:20:45 PDT"]
[Termination "Msb2 won on time"]

1. d4 Nf6 2. c4 e6 3. Nc3 Bb4 4.
Nf3 d5 5. Bg5 h6 6. Bxf6 Qxf6 7.
Qa4+ Nc6 8. e3 O-O 9. Rc1 Qg6 10. Qc2 Qxc2 11. Rxc2 Rd8 12. a3 Bf8 13. Nb5 Bd7 14. cxd5 exd5 15. Bd3 Rac8 16. Ke2 a6 17. Nc3 Ne7 18.
Rhc1 Bf5 19. h3 Bxd3+ 20. Kxd3 Nf5 21. g4 Ne7 22. Na4 c6 23. Nc5 Rb8 24. b4 Nc8 25.
Nd2 Nd6 26. a4 Ra8 27. a5 Re8 28. Rg1 Be7 29. Nf3 g6 30. Nd2 Kg7 31. Nf3 Rad8 32.
Nd2 Rh8 33. Nf3 h5 34. g5 Rhe8 35. Ne5 Rb8 36. f4 Nf5 37. Rb1 Bd6 38. Re2 Re7 39.
Rbb2 Rbe8 40. Rb1 Ng3 41. Rg2 Nf5 42. Re2 Rd8 43. Rbb2 Nh4 44. Rb1 Bxe5 45. fxe5 Nf3 46. Rg2 Nh4 47. Rf2 Nf5 48. Rbf1 h4 49. Rf4 Rh8 50. Rc1 Rh5 51. Rg1 Ng3 52. Rg4 Nf5 53.
Rf1 Rh8 54. Rff4 Rb8 55. Kc3 b6 56. axb6 Rxb6 57. Rxf5 gxf5 58. Rxh4 Ra7 59. Rh6 a5 60.
bxa5 Rxa5 61. Nd7 Ra3+ 62. Kc2 Ra2+ 63. Kc3 Ra3+ 64. Kc2 Rbb3 65. Nf6 Rxe3 66. Rh7+ Kg6 67. h4 f4 68. h5+ Kxg5 69. Rg7+ Kf5 70. h6 Re2+ 71.
Kb1 Rh2 72. h7 Rg3 0-1

[Event "*** SCC Grand Prix: Titled Tuesday Blitz"]
[Site "Chess.com"]
[Date "2020.10.06"]
[Round "7"]
[White "NotFischer"]
[Black "Orest_Vovk"]
[Result "0-1"]
[WhiteElo "2278"]
[BlackElo "2440"]
[TimeControl "180+1"]
[EndTime "11:20:47 PDT"]
[Termination "Orest_Vovk won by resignation"]

1. e4 d6 2. d4 Nf6 3. Bd3 e5 4. c3 Be7 5. Nf3 O-O 6. O-O Nc6 7. Nbd2 Nh5 8. Re1 Nf4 9. Bf1 Bf6 10. Nc4 Ng6 11.
h3 Re8 12. dxe5 dxe5 13. Be3 Qe7 14. Qb3 b6 15. a4 a6 16. Rad1 Be6 17. Qc2 Rad8 18.
Ncd2 h6 19. Bxa6 Rd6 20. Bb5 Red8 21. Nf1 Na5 22. Rxd6 Qxd6 23. b4 Nc4 24. Bxc4 Bxc4 25. Ng3 Qd3 26. Qc1 Nf4 27. Nf5 Ne2+ 28. Rxe2 Qxe2 29.
Qa3 Rd1+ 30. Kh2 Qa2 31. Qxa2 Bxa2 32. g4 Bb3 33. a5 bxa5 34. bxa5 Ra1 35. h4 Rxa5 36.
g5 hxg5 37. hxg5 Bd8 38. Kg3 Bc2 39. Nd2 Ra3 40. Nc4 Rxc3 41. Nxe5 Bxe4 42. Nd4 c5 43.
Ne2 Bc7 44. Nxc3 Bxe5+ 45. f4 Bxc3 46. Bxc5 g6 47. Be3 Bf5 48. Bf2 Kf8 49. Be3 Ke8 50.
Kf3 Kd7 51. Bc1 Kc6 52. Be3 Kd5 53. Bc1 Bd4 54. Ba3 Kc4 55. Be7 Kd3 56. Bd6 Bd7 57.
Bc7 Kc4 58. Bd6 Kd5 59. Bb8 Ke6 60. Ke4 Bb2 61. Bc7 Bc6+ 62. Ke3 Kf5 63. Bd6 Bc1+ 64. Kd4 Bxf4 65. Be7 Bxg5 66. Bxg5 Kxg5 67. Ke3 Kg4 0-1

[Event "*** SCC Grand Prix: Titled Tuesday Blitz"]
[Site "Chess.com"]
[Date "2020.10.06"]
[Round "7"]
[White "Bigfish1995"]
[Black "platy3"]
[Result "1-0"]
[WhiteElo "3108"]
[BlackElo "2810"]
[TimeControl "180+1"]
[EndTime "11:20:50 PDT"]
[Termination "Bigfish1995 won by resignation"]

1. e4 c5 2. Nf3 d6 3. Bb5+ Bd7 4. c4 Nf6 5. Nc3 g6 6. d4 cxd4 7. Nxd4 Bg7 8. O-O O-O 9. Bxd7 Nbxd7 10. b3 a6 11. Be3 e6 12. Rc1 Qe7 13. Re1 Rfd8 14. f4 Rac8 15. Bf2 e5 16. Nde2 Bh6 17. Bh4 exf4 18.
Nd5 Qe5 19. Nd4 Re8 20. Nf3 Qe6 21. Bg5 Bxg5 22. Nxg5 Qg4 23. Qxg4 Nxg4 24. Nxf4 Ngf6 25. Rcd1 h6 26. Nf3 Rxe4 27. Rxe4 Nxe4 28. Nd5 Kg7 29. Nd4 Nec5 30. Nc2 Ne5 31. Nde3 Rd8 32. h3 Nc6 33. Nd5 Ne6 34. Nce3 b5 35. cxb5 axb5 36. Rc1 Ned4 37. Kf2 Ra8 38. Nc3 Nb4 39. Rd1 Nxa2 40. Rxd4 Nxc3 41. Kf3 d5 42. Rd3 b4 43. Nc2 Rb8 44. Rd4 Na2 45. Rxd5 Rc8 46. Nd4 Rc3+ 47. Kf4 Nc1 48. Rb5 Nxb3 49. Nf3 Rc4+ 50. Ke3 Nc5 51.
Nd2 Rc2 52. Rxb4 Ne6 53. Kd3 Rc6 54. Nf3 Rc8 55. g3 Rd8+ 56. Ke3 Rd5 57. h4 h5 58. Nd2 Ra5 59. Ne4 Ra3+ 60. Kf2 Nc7 61.
Nd6 Ne6 62. Rb7 Kf6 63. Rxf7+ Ke5 64. Nc4+ 1-0

[Event "*** SCC Grand Prix: Titled Tuesday Blitz"]
[Site "Chess.com"]
[Date "2020.10.06"]
[Round "7"]
[White "vanyakuba"]
[Black "kngopal"]
[Result "0-1"]
[WhiteElo "2473"]
[BlackElo "2256"]
[TimeControl "180+1"]
[EndTime "11:20:51 PDT"]
[Termination "kngopal won by resignation"]

1. e4 c5 2. Nc3 d6 3. f4 g6 4. d4 Bg7 5. dxc5 dxc5 6. Qxd8+ Kxd8 7. e5 a6 8. Be3 b6 9. O-O-O+ Kc7 10. Nd5+ Kb7 11.
Be2 e6 12. Nc3 Nc6 13. Bf3 Ne7 14. g4 g5 15. fxg5 Bxe5 16. Nge2 Ka7 17. Bf4 Bxf4+ 18.
Nxf4 Bb7 19. Rd7 Rad8 20. Rhd1 Rxd7 21. Rxd7 Rf8 22. Nh5 Rd8 23. Bxc6 Nxc6 24. Rxf7 Ne5 25. Rxh7 Nxg4 26. Nf6 Ne3 27. h4 b5 28. b3 b4 29.
Nce4 Rd1+ 30. Kb2 Rg1 31. Nxc5 Nd1+ 32. Kc1 Nc3+ 33. Kd2 Rg2+ 34. Ke3 Kb6 35. Nxb7 Rxc2 36. Nd6 Rxa2 37. Nc4+ Kc5 38. Rc7+ Kb5 39. Nd7 Nd5+ 40. Kd4 Nxc7 41. Ke5 Rh2 42. g6 Rxh4 43. Nf6 Rh6 44. g7 Rg6 45. g8=Q Rxg8 46. Nxg8 a5 47. Nf6 a4 48. bxa4+ Kxc4 49. a5 b3 50. Ne4 b2 51.
Nd2+ Kd3 52. Nb1 Kc2 53. Na3+ Kc1 54. Kd6 Nb5+ 55. Nxb5 b1=Q 56. Kc6 Qe4+ 57. Kb6 Qa8 58. a6 e5 59. Nc7 Qb8+ 60. Kc6 e4 61. Nd5 Qa8+ 62.
Kb6 0-1